[Event "Team 45 45 League T89"]
[Site "Internet Chess Club"]
[Date "2021.08.08"]
[Round "5"]
[White "seldredg"]
[Black "PsyMar"]
[Result "1-0"]
[WhiteElo "1346"]
[BlackElo "1323"]
[Opening "Modern defense"]
[ECO "A40"]
[Time "13:00:48"]
[TimeControl "2700+45"]

1. d4 g6 2. Bf4 Bg7 3. e3 f5 4. Nf3 Nf6 5. h3 O-O 6. Nc3 d6 7. Bc4+ d5 8. Bb3 a5
9. a4 Na6 10. Ne5 c5 11. Ne2 c4 12. Ba2 Nd7 13. b3 Nxe5 14. dxe5 e6 15. c3 Nc5
16. h4 Nd3+ 17. Kf1 Bd7 18. bxc4 dxc4 19. Bxc4 Nb2 20. Qb3 Nxc4 21. Qxc4 Rc8 22.
Qb3 Qc7 23. Rd1 Rfe8 24. f3 Bc6 25. Kf2 Bxe5 26. Bh6 Bg3+ 27. Nxg3 Bd5 28. Rxd5
exd5 29. Qxd5+ Qf7 30. Qxa5 Qa2+ 31. Ne2 g5 32. Bxg5 Rc6 33. Rd1 h6 34. Bxh6
Rxh6 35. Qxf5 Qxa4 36. Qg5+ Kh7 37. Qf5+ Kg8 38. Rd4 Qc6 39. Rg4+ Kh8 40. Nf4
Rf6 41. Ng6+ Rxg6 42. Rxg6 Qxg6 43. Qxg6 b5 44. Qxe8+ Kg7 45. Qxb5 Kh6 46. Qg5+
Kh7 47. c4 Kh8 48. c5 Kh7 49. c6 Kh8 50. c7 Kh7 51. Qh5+ Kg7 52. c8=Q Kf6 53.
Qc6+ Kg7 54. Qf5 Kg8 55. Qcg6+ Kh8 56. Qfh5# {Black checkmated} 1-0

[Event "Team 45 45 League T89"]
[Site "Internet Chess Club"]
[Date "2021.08.08"]
[Round "5"]
[White "julesraider"]
[Black "kabindra"]
[Result "0-1"]
[WhiteElo "1525"]
[BlackElo "1717"]
[Opening "QGD: Grau (Sahovic) defense"]
[ECO "D06"]
[Time "13:00:35"]
[TimeControl "2700+45"]

1. d4 d5 2. c4 Bf5 3. Nf3 e6 4. Qb3 Nc6 5. e3 dxc4 6. Qxc4 Nf6 7. Nc3 Nb4 8. e4
Nxe4 9. a3 Nc2+ 10. Ke2 Nxa1 11. Qb5+ c6 12. Qxb7 Nxc3+ 13. bxc3 Qc8 14. Qb2 Nc2
15. Bf4 Bxa3 16. Qb3 O-O 17. Ne5 f6 18. Nd3 Qa6 19. Kd2 Nxd4 20. cxd4 Qa5+ 21.
Ke3 Rad8 22. Be2 Qd5 23. Qxa3 Qxd4+ 24. Kd2 Qxf4+ {White resigns} 0-1

[Event "Team 45 45 League T89"]
[Site "Internet Chess Club"]
[Date "2021.08.07"]
[Round "5"]
[White "olivermx"]
[Black "kabubi"]
[Result "0-1"]
[WhiteElo "1249"]
[BlackElo "1149"]
[Opening "Ruy Lopez: Anderssen variation"]
[ECO "C77"]
[Time "12:02:25"]
[TimeControl "2700+45"]

1. e4 e5 2. Nf3 Nc6 3. Bb5 a6 4. Ba4 Nf6 5. d3 b5 6. Bb3 Be7 7. c3 O-O 8. O-O d5
9. Bc2 dxe4 10. dxe4 Bg4 11. Bg5 Qxd1 12. Rxd1 Bxf3 13. gxf3 Rad8 14. Nd2 Nh5
15. Nf1 Bxg5 {White resigns} 0-1

[Event "Team 45 45 League T89"]
[Site "Internet Chess Club"]
[Date "2021.08.09"]
[Round "5"]
[White "oldbookseller"]
[Black "WzeroMN"]
[Result "0-1"]
[WhiteElo "897"]
[BlackElo "1060"]
[Opening "Queen's pawn game, Rubinstein (Colle-Zukertort) variation"]
[ECO "D02"]
[Time "13:00:35"]
[TimeControl "2700+45"]

1. d4 d5 2. Nf3 e6 3. e3 c5 4. b3 Nf6 5. Bd3 Bd6 6. O-O O-O 7. Bb2 b6 8. Nbd2
Nc6 9. a3 Bb7 10. Re1 a5 11. c4 Ba6 12. Qe2 Qc7 13. g3 Rfe8 14. Qf1 e5 15. dxe5
Nxe5 16. Bxh7+ Kxh7 17. Ng5+ Kg8 18. Qh3 Kf8 19. Nh7+ Nxh7 20. Qxh7 Ke7 21. Qh5
Kd7 22. Nf3 Nxf3+ 23. Qxf3 Kc8 24. cxd5 Be5 25. Qf5+ Qd7 26. e4 Qxf5 27. exf5 f6
28. d6 Kd7 29. Bxe5 Rxe5 30. Red1 Bb7 31. b4 Rd5 32. Re1 Rxd6 33. bxc5 bxc5 34.
Rab1 Kc6 35. a4 Rad8 36. Rec1 Ba6 37. Rb2 Rd1+ 38. Rxd1 Rxd1+ 39. Kg2 Rd5 40.
Rb1 Rxf5 41. f4 g5 42. Re1 Rd5 43. Re6+ Rd6 44. Re7 c4 45. fxg5 fxg5 46. g4 c3
47. Ra7 Kb6 48. Rf7 Rc6 49. Rf2 c2 50. Rxc2 Rxc2+ 51. Kg3 Rc4 52. h4 Rxa4 53.
hxg5 Ra3+ 54. Kh4 Bb7 55. g6 Bd5 56. g7 a4 57. g5 Rc3 58. Kh5 a3 59. Kh6 a2 60.
Kh7 a1=Q 61. g8=Q Bxg8+ 62. Kxg8 {White resigns} 0-1

[Event "Team 45 45 League T89"]
[Site "Internet Chess Club"]
[Date "2021.08.05"]
[Round "5"]
[White "gduranko"]
[Black "clarinetref"]
[Result "1/2-1/2"]
[WhiteElo "1401"]
[BlackElo "1465"]
[Opening "Sicilian: Grand Prix attack"]
[ECO "B23"]
[Time "13:47:36"]
[TimeControl "2700+45"]

1. e4 c5 2. Nc3 Nc6 3. f4 e6 4. Nf3 d6 5. d4 cxd4 6. Nxd4 a6 7. Be3 Nf6 8. g3
Qa5 9. Bg2 Bd7 10. O-O Be7 11. h3 O-O 12. g4 Nxd4 13. Bxd4 e5 14. Be3 exf4 15.
Rxf4 Bc6 16. Nd5 Bxd5 17. exd5 Nd7 18. c4 Rfe8 19. Bd4 Rac8 20. Qf1 Bf6 21. Bxf6
Nxf6 22. g5 Qc5+ 23. Kh1 Nh5 24. Rg4 Qe3 25. Kh2 Qe5+ 26. Kg1 Qe3+ 27. Qf2 Re5
28. Qxe3 Rxe3 29. Kf2 Rce8 30. Bf3 f5 31. gxf6 Nxf6 32. Rf4 Rd3 33. Rg1 Rd2+ 34.
Kf1 Kh8 35. Rg2 Rxg2 36. Bxg2 Rf8 37. Ke2 Kg8 38. Rf3 Re8+ 39. Kd1 Nd7 40. Rb3
Nc5 41. Rb6 Na4 42. Rxb7 Rc8 43. Rb4 Nc5 44. Rb6 Rd8 45. b4 Nd3 46. Rxa6 Nb2+
47. Kc2 Nxc4 48. Kc3 Ne3 49. Bf3 Rf8 50. Bh1 Rc8+ 51. Rc6 Rd8 52. b5 Nf5 53. Rc7
Ra8 54. Kb2 Ra5 55. Rb7 Nd4 56. b6 Rb5+ 57. Kc3 Nf5 58. a4 Rc5+ 59. Kd3 Kf8 60.
Rc7 Rxc7 61. bxc7 Ne7 62. Kc4 Ke8 63. Be4 Kd7 64. Bxh7 Kxc7 65. Bd3 Kb6 66. Kd4
Ka5 67. Bb5 Kb4 68. Ke4 Kc5 69. Bc6 g6 70. a5 g5 71. a6 Kb6 72. Bb7 Ng6 73. Kf5
Nf4 74. Kxg5 Nxh3+ 75. Kf6 Nf2 76. Ke7 Ne4 77. Kd7 Ka7 {Game drawn by mutual
agreement} 1/2-1/2

[Event "Team 45 45 League T89"]
[Site "Internet Chess Club"]
[Date "2021.08.06"]
[Round "5"]
[White "BrerRabbit"]
[Black "chesskix"]
[Result "1-0"]
[WhiteElo "1371"]
[BlackElo "1441"]
[Opening "Neo-Grünfeld, 6.O-O c6"]
[ECO "D78"]
[Time "19:00:49"]
[TimeControl "2700+45"]

1. d4 Nf6 2. Nf3 g6 3. g3 Bg7 4. Bg2 d5 5. O-O O-O 6. c4 c6 7. b3 Ne4 8. Bb2 Bf5
9. e3 Nd7 10. Qe2 Ndf6 11. Nc3 a6 12. a4 Nxc3 13. Bxc3 Be4 14. Bh3 h6 15. Rfc1
e6 16. Nd2 dxc4 17. Nxe4 Nxe4 18. Bb4 c5 19. Bg2 Nxg3 20. hxg3 cxb4 21. Rxc4 a5
22. Bxb7 Rb8 23. Ba6 h5 24. Rac1 Qd6 25. Rc6 Qd5 26. Qc4 Qf3 27. Qe2 Qxe2 28.
Bxe2 Rbd8 29. R1c5 Rd5 30. Rxd5 exd5 31. Bf3 g5 32. Bxh5 f5 33. Bf3 Rd8 34. Rc5
Kh7 35. Bxd5 f4 36. Be4+ Kh6 37. Rc6+ Kh5 38. Bf3+ g4 39. Rc5+ Kh6 40. Bxg4 Kg6
41. gxf4 {Black resigns} 1-0

[Event "Team 45 45 League T89"]
[Site "Internet Chess Club"]
[Date "2021.08.04"]
[Round "5"]
[White "xingon"]
[Black "gregorgg"]
[Result "1-0"]
[WhiteElo "1384"]
[BlackElo "1381"]
[Opening "Queen's pawn: London system"]
[ECO "A45"]
[Time "15:27:25"]
[TimeControl "2700+45"]

1. d4 Nf6 2. Bf4 g6 3. Nc3 Bg7 4. Qd2 O-O 5. Bh6 d5 6. Bxg7 Kxg7 7. f3 Nbd7 8.
g4 e6 9. h4 c5 10. h5 Rh8 11. hxg6 hxg6 12. Rxh8 Qxh8 13. O-O-O cxd4 14. Qxd4 e5
15. Qf2 Qh6+ 16. Kb1 Nb6 17. e3 Be6 18. Nh3 Nc4 19. g5 Qh5 20. gxf6+ Kxf6 21.
Bxc4 dxc4 22. Ne4+ Kg7 23. Nhg5 Bf5 24. Qg2 Bxe4 25. Nxe4 Qh6 26. Ng3 Qg5 27. e4
a5 28. Nf5+ {Black resigns} 1-0

[Event "Team 45 45 League T89"]
[Site "Internet Chess Club"]
[Date "2021.08.06"]
[Round "5"]
[White "Kidpython"]
[Black "Fulmar"]
[Result "0-1"]
[WhiteElo "1106"]
[BlackElo "1182"]
[Opening "Ruy Lopez: Caro variation"]
[ECO "C70"]
[Time "19:01:23"]
[TimeControl "2700+45"]

1. e4 e5 2. Nf3 Nc6 3. Bb5 a6 4. Ba4 b5 5. Bb3 Nf6 6. O-O Bc5 7. c3 d6 8. Re1
Bg4 9. h3 Bh5 10. g4 Bg6 11. d3 O-O 12. Bg5 Nb8 13. h4 h6 14. Bxf6 Qxf6 15. g5
hxg5 16. hxg5 Qf4 17. Kg2 Qg4+ 18. Kf1 Qh3+ 19. Kg1 Qg3+ 20. Kh1 Bxf2 21. Rf1
Qh3+ 22. Nh2 Bg3 23. Qd2 Bxh2 24. Qxh2 Qxf1+ 25. Qg1 Qxg1+ 26. Kxg1 c5 27. Bd5
Ra7 28. c4 Kh7 29. Kf2 f5 30. Nc3 fxe4+ 31. Ke2 exd3+ 32. Ke3 bxc4 33. Be6 Rb7
34. Nd5 Rxb2 35. Re1 Bh5 36. Nf6+ gxf6 37. Bf5+ Bg6 38. Rh1+ Kg7 39. Bxg6 Kxg6
40. Rh6+ Kxg5 41. Rh7 d2 42. Rg7+ Kf5 43. Rg1 Rc2 44. a4 Rc1 45. Rf1+ Rxf1 46.
Kxd2 Ra1 47. a5 Rxa5 48. Ke2 Rh8 49. Kf2 Ra3 50. Kg2 Kg4 51. Kg1 Kg3 52. Kf1 Kf3
53. Ke1 Ra2 54. Kd1 Rh1# {White checkmated} 0-1

[Event "Team 45 45 League T89"]
[Site "Internet Chess Club"]
[Date "2021.08.06"]
[Round "5"]
[White "Signofthetimes"]
[Black "ascoli"]
[Result "1-0"]
[WhiteElo "1599"]
[BlackElo "1596"]
[Opening "French defense"]
[ECO "C00"]
[Time "10:03:36"]
[TimeControl "2700+45"]

1. e4 e6 2. Nf3 d5 3. exd5 exd5 4. d4 Bd6 5. Nc3 Ne7 6. Be3 c6 7. h3 Bf5 8. Bd3
Nd7 9. Bxf5 Nxf5 10. Qd3 g6 11. O-O-O Qc7 12. Kb1 O-O-O 13. Rhe1 Rde8 14. Re2
Nf6 15. Rde1 Ne4 16. Nd2 Bb4 17. Ncxe4 dxe4 18. Qc4 Nxe3 19. fxe3 Bxd2 20. Rxd2
Qg3 21. Qe2 h5 22. Qf2 Qxf2 23. Rxf2 f5 24. Kc1 Rd8 25. Rg1 Rd5 26. h4 Rf8 27.
g3 b5 28. b4 Rf7 29. Kb2 a6 30. Kb3 Ra7 31. Rc1 a5 32. bxa5 Rxa5 33. c4 bxc4+
34. Rxc4 Rdb5+ 35. Rb4 Kb7 36. Rxb5+ Rxb5+ 37. Kc3 Kc7 38. Rb2 Ra5 39. Kb4 Rd5
40. Kc4 Ra5 41. Kb3 Kb6 42. a4 c5 43. d5 Kc7 44. Ra2 Kd6 45. Kc4 Ke5 46. Ra1 Kf6
47. Kb3 g5 48. hxg5+ Kxg5 49. d6 Kf6 50. Rd1 Ke6 51. d7 {Black resigns} 1-0

[Event "Team 45 45 League T89"]
[Site "Internet Chess Club"]
[Date "2021.08.07"]
[Round "5"]
[White "Electryon"]
[Black "Kingofknights"]
[Result "1/2-1/2"]
[WhiteElo "1449"]
[BlackElo "1512"]
[Opening "Caro-Kann: anti-anti-Caro-Kann defense"]
[ECO "A11"]
[Time "15:00:54"]
[TimeControl "2700+45"]

1. c4 c6 2. e4 d5 3. exd5 cxd5 4. cxd5 Qxd5 5. Nc3 Qd8 6. Nf3 Nf6 7. Bc4 e6 8.
d4 Bb4 9. O-O O-O 10. Bg5 h6 11. Bh4 Nc6 12. Ne4 Be7 13. Qd3 Nb4 14. Qe2 Nfd5
15. Bxe7 Qxe7 16. a3 Nf4 17. Qd2 Nbd5 18. Rac1 b6 19. Rfe1 Rd8 20. Ne5 Bb7 21.
Nd3 Nxd3 22. Qxd3 Nf6 23. Ng3 Qd6 24. Red1 Rd7 25. Bb5 Re7 26. Rd2 Rd8 27. Qc2
Qf4 28. Qd1 Ne4 29. Nxe4 Qxe4 30. f3 Qf5 31. Bc6 Bxc6 32. Rxc6 Red7 33. Rc3 Qf4
34. Rcd3 e5 35. dxe5 Rxd3 36. Rxd3 Rxd3 37. Qxd3 Qxe5 38. Qd8+ Kh7 39. Qd3+ g6
40. Qc3 Qxc3 41. bxc3 Kg7 42. Kf2 Kf6 43. Ke3 Ke5 44. c4 f5 45. f4+ Ke6 46. h4
h5 47. g3 Kd6 48. Kd4 a6 49. a4 a5 50. Kd3 Kc5 51. Kc3 Kc6 {Game drawn by mutual
agreement} 1/2-1/2

[Event "Team 45 45 League T89"]
[Site "Internet Chess Club"]
[Date "2021.08.06"]
[Round "5"]
[White "scostanzo212"]
[Black "tryanything"]
[Result "1/2-1/2"]
[WhiteElo "1519"]
[BlackElo "1495"]
[Opening "Budapest: Rubinstein variation"]
[ECO "A52"]
[Time "18:47:42"]
[TimeControl "2700+45"]

1. d4 Nf6 2. c4 e5 3. dxe5 Ng4 4. Bf4 Nc6 5. Nf3 Bb4+ 6. Nbd2 Qe7 7. a3 Ngxe5 8.
Nxe5 Nxe5 9. e3 Bxd2+ 10. Qxd2 d6 11. Be2 O-O 12. O-O b6 13. Qd5 Be6 14. Qd4 Ng6
15. Bf3 Nxf4 16. Qxf4 Rad8 17. Bd5 a5 18. b4 axb4 19. axb4 Bxd5 20. cxd5 Ra8 21.
Qd4 Qd7 22. Qc3 Ra4 23. Rxa4 Qxa4 24. Ra1 Qd7 25. Ra7 Rc8 26. Qc4 g6 27. h3 f5
28. Qd4 Qg7 29. Qc4 Qd7 30. Qa6 Qd8 31. Qb5 Ra8 32. Ra4 Rxa4 33. Qxa4 Kf7 34.
Qc6 Qe7 35. Kf1 Kg7 36. Qc3+ Kg8 37. Kg1 Qg7 38. Qc4 Qe7 39. Kf1 Kg7 40. Ke2 g5
41. Qc3+ Kg6 42. Kd2 h5 43. Qh8 Qe5 44. Qg8+ Qg7 45. Qxg7+ Kxg7 46. Kd3 b5 {Game
drawn by mutual agreement} 1/2-1/2

[Event "Team 45 45 League T89"]
[Site "Internet Chess Club"]
[Date "2021.08.09"]
[Round "5"]
[White "clarinetref"]
[Black "tightfist"]
[Result "0-1"]
[WhiteElo "1447"]
[BlackElo "1447"]
[Opening "Réti opening"]
[ECO "A04"]
[Time "12:04:04"]
[TimeControl "2700+45"]

1. Nf3 g6 2. c4 Bg7 3. g3 c5 4. Bg2 Nc6 5. e3 Nf6 6. Nc3 O-O 7. O-O d6 8. d4
cxd4 9. exd4 Bg4 10. h3 Bd7 11. Be3 a6 12. Kh2 Rc8 13. b3 Re8 14. Qd2 Qa5 15.
Rfc1 b5 16. cxb5 axb5 17. Qe2 b4 18. Na4 Nd5 19. Nd2 Nxe3 20. fxe3 Na7 21. Nc4
Qa6 22. Nab6 Rc7 23. Nxd7 Rxd7 24. Qf2 Nb5 25. Rf1 e6 26. Qf3 d5 27. Nb2 Nc3 28.
Nd3 Qxd3 29. a4 Ne4 30. Rfb1 Nd2 {White resigns} 0-1

[Event "Team 45 45 League T89"]
[Site "Internet Chess Club"]
[Date "2021.08.06"]
[Round "5"]
[White "Redman1"]
[Black "Timmah4651"]
[Result "1-0"]
[WhiteElo "1600"]
[BlackElo "1572"]
[Opening "Queen's pawn game, Darooha variation "]
[ECO "D02"]
[Time "06:09:49"]
[TimeControl "2700+45"]

1. d4 d5 2. Nf3 Nf6 3. g3 Bf5 4. Bg2 e6 5. O-O Be7 6. c4 c6 7. Nc3 Nbd7 8. Qb3
Qb6 9. Qa4 Qb4 10. c5 Qxa4 11. Nxa4 O-O 12. Bf4 Rac8 13. Rfc1 h6 14. b4 Bd8 15.
Nc3 Re8 16. a4 g5 17. Be3 e5 18. dxe5 Nxe5 19. Nxe5 Rxe5 20. Bd4 Re6 21. b5 Ne4
22. Nxe4 Bxe4 23. Bxe4 Rxe4 24. e3 Rc7 25. Rab1 Kf8 26. a5 f5 27. b6 axb6 28.
cxb6 Rf7 29. a6 bxa6 30. b7 Bc7 31. b8=Q+ Bxb8 32. Rxb8+ Ke7 33. Rxc6 Kd7 34.
Rxa6 {Black resigns} 1-0

[Event "Team 45 45 League T89"]
[Site "Internet Chess Club"]
[Date "2021.08.08"]
[Round "5"]
[White "Grenadier"]
[Black "ChessG2011"]
[Result "1-0"]
[WhiteElo "1563"]
[BlackElo "1502"]
[Opening "Vienna game"]
[ECO "C28"]
[Time "20:02:18"]
[TimeControl "2700+45"]

1. e4 e5 2. Bc4 Nc6 3. Nc3 Nf6 4. d3 h6 5. f4 Bc5 6. Nf3 d6 7. f5 Na5 8. Bb3
Nxb3 9. axb3 a6 10. Qe2 Qe7 11. Be3 Bxe3 12. Qxe3 Bd7 13. O-O g5 14. g3 g4 15.
Nh4 Qf8 16. Nd5 Nxd5 17. exd5 Kd8 18. c4 Qg7 19. b4 b6 20. c5 b5 21. cxd6 cxd6
22. Qb6+ Ke8 23. Qxd6 Qf8 24. Qxe5+ Kd8 25. Qf6+ Kc7 26. d6+ Qxd6 27. Rfc1+ Bc6
28. Qxd6+ Kxd6 29. Rc5 Bd5 30. Ng2 Bxg2 31. Kxg2 Rhe8 32. Kf2 Re5 33. Rac1 Rae8
34. Rc6+ Kd7 35. Rc7+ Kd6 36. R1c6+ Kd5 37. Rc5+ Kd6 38. Rxe5 Rxe5 39. Rxf7 h5
40. d4 Re4 41. Ra7 Rxd4 42. Rxa6+ Ke5 43. f6 Rd7 44. Ke3 Rf7 45. Rb6 Rxf6 46.
Rxf6 Kxf6 47. Kf4 Ke6 48. Kg5 Kd5 49. Kxh5 Kc4 50. Kxg4 Kxb4 51. h4 Kb3 52. h5
Kxb2 53. h6 b4 54. h7 b3 55. h8=Q+ Kc2 56. Kf4 b2 57. Qxb2+ Kxb2 58. g4 Kc3 59.
g5 Kd4 60. g6 Kd5 61. Kf5 Kd4 62. g7 Kd5 63. g8=Q+ Kd4 64. Qe6 Kc5 65. Qd7 Kc4
66. Ke4 Kc5 67. Qc7+ Kb4 68. Kd4 Kb5 69. Qc5+ Ka6 70. Qb4 Ka7 71. Kc5 Ka8 72.
Kc6 Ka7 73. Qb7# {Black checkmated} 1-0

[Event "Team 45 45 League T89"]
[Site "Internet Chess Club"]
[Date "2021.08.08"]
[Round "5"]
[White "Constrictor"]
[Black "GoIrish"]
[Result "1/2-1/2"]
[WhiteElo "1525"]
[BlackElo "1510"]
[Opening "Nimzovich-Larsen attack: Indian variation"]
[ECO "A01"]
[Time "12:01:38"]
[TimeControl "2700+45"]

1. b3 Nf6 2. Bb2 g6 3. e4 Bg7 4. e5 Nd5 5. Nf3 d6 6. d4 O-O 7. c4 Nb6 8. Be2 Nc6
9. O-O dxe5 10. Nxe5 Nxe5 11. dxe5 Bf5 12. f4 c6 13. Nd2 Qc7 14. Bg4 Rad8 15.
Bxf5 gxf5 16. Qc2 Qd7 17. Nf3 Qd3 18. Qxd3 Rxd3 19. Ba3 Nc8 20. Nh4 Rfd8 21.
Nxf5 e6 22. Nd6 Nxd6 23. Bxd6 R3xd6 24. exd6 Bxa1 25. Rxa1 Rxd6 26. Rf1 {Game
drawn by mutual agreement} 1/2-1/2

[Event "Team 45 45 League T89"]
[Site "Internet Chess Club"]
[Date "2021.08.07"]
[Round "5"]
[White "sdcohle"]
[Black "goldeen7"]
[Result "1/2-1/2"]
[WhiteElo "1326"]
[BlackElo "1441"]
[Opening "Sicilian: closed"]
[ECO "B23"]
[Time "13:32:35"]
[TimeControl "2700+45"]

1. e4 c5 2. Nc3 d6 3. g3 e5 4. Bg2 Be6 5. Nge2 Nc6 6. d3 Nd4 7. Be3 Nf6 8. h3
Be7 9. O-O O-O 10. f4 Nxe2+ 11. Qxe2 exf4 12. Rxf4 Qc7 13. Nd5 Nxd5 14. exd5 Bd7
15. c4 Bg5 16. Rf3 Bxe3+ 17. Rxe3 Rae8 18. Re1 Qc8 19. Kh2 Rxe3 20. Qxe3 Re8 21.
Qd2 Rxe1 22. Qxe1 Bf5 23. Qe3 Qd7 24. g4 Bg6 25. Be4 f5 26. Bxf5 Bxf5 27. gxf5
Qxf5 28. Qe8+ Qf8 29. Qe6+ Qf7 30. Qxd6 Qf2+ 31. Kh1 Qf1+ 32. Kh2 Qf2+ 33. Kh1
Qf1+ {Game drawn by mutual agreement} 1/2-1/2

[Event "Team 45 45 League T89"]
[Site "Internet Chess Club"]
[Date "2021.08.09"]
[Round "5"]
[White "Andressa"]
[Black "seattleblues"]
[Result "0-1"]
[WhiteElo "1323"]
[BlackElo "1346"]
[Opening "Caro-Kann: advance variation"]
[ECO "B12"]
[Time "21:18:49"]
[TimeControl "2700+45"]

1. e4 c6 2. d4 d5 3. e5 Bf5 4. Nf3 e6 5. Nc3 Nd7 6. Be2 c5 7. Bf4 Ne7 8. Bb5 a6
9. Bxd7+ Qxd7 10. O-O Ng6 11. Be3 cxd4 12. Bxd4 Ne7 13. Re1 Nc6 14. h3 Be7 15.
Na4 Nxd4 16. Qxd4 Qc6 17. Nc3 Bc5 18. Qd2 Rc8 19. Qg5 O-O 20. Rac1 h6 21. Qg3
Bb4 22. Nd4 Qd7 23. Nxf5 exf5 24. Re3 Rfd8 25. Ne2 Bd2 {White resigns} 0-1

[Event "Team 45 45 League T89"]
[Site "Internet Chess Club"]
[Date "2021.08.05"]
[Round "5"]
[White "dwmt"]
[Black "RoyalFizzbin"]
[Result "0-1"]
[WhiteElo "1116"]
[BlackElo "1321"]
[Opening "Polish (Sokolsky) opening"]
[ECO "A00"]
[Time "17:00:54"]
[TimeControl "2700+45"]

1. b4 e5 2. Bb2 Bxb4 3. Bxe5 Nf6 4. a3 Ba5 5. Bc3 Bb6 6. e3 O-O 7. Nf3 d5 8. d4
Ne4 9. Bb4 Re8 10. Bb5 c6 11. Bd3 h6 12. O-O Bg4 13. h3 Bh5 14. Nbd2 Nd7 15. Be2
a5 16. Bc5 Ndxc5 17. dxc5 Nc3 18. Qe1 Nxe2+ 19. Qxe2 Bxc5 20. c4 dxc4 21. Nxc4
Bxf3 22. Qxf3 Qd5 23. Qxd5 cxd5 24. Nd2 a4 25. Nf3 b5 26. Rfc1 Rec8 27. Ne5 Bd6
28. Rxc8+ Rxc8 29. Nf3 Rc3 30. Nd4 Rxa3 31. Rxa3 Bxa3 32. Nxb5 Bb4 33. Kf1 a3
34. Nxa3 Bxa3 35. Ke2 Kf8 36. Kd3 Bb2 37. f3 Ke7 38. g3 Kd6 39. Kc2 Be5 40. f4
Bf6 41. Kd3 g5 42. f5 Ke5 43. g4 Bd8 {White resigns} 0-1

[Event "Team 45 45 League T89"]
[Site "Internet Chess Club"]
[Date "2021.08.10"]
[Round "5"]
[White "DaveTheRook"]
[Black "marioseixas1992"]
[Result "0-1"]
[WhiteElo "1438"]
[BlackElo "1351"]
[Opening "King's Indian: Larsen variation"]
[ECO "E90"]
[Time "17:19:17"]
[TimeControl "2700+45"]

1. d4 Nf6 2. c4 g6 3. Nc3 Bg7 4. e4 d6 5. Nf3 O-O 6. Be3 e5 7. d5 c6 8. Be2 cxd5
9. cxd5 Nbd7 10. Qd2 Ng4 11. O-O f5 12. Bg5 Ndf6 13. h3 fxe4 14. hxg4 exf3 15.
Bxf3 h6 16. Bxh6 Bxg4 17. Bxg7 Kxg7 18. Be4 Rh8 19. Qg5 Rh6 20. f3 Qb6+ 21. Rf2
Rah8 22. Kf1 Bd7 23. Ke2 Qxb2+ 24. Qd2 Qxa1 25. Bb1 Rh1 26. Qc2 Bf5 27. Ne4 Rxb1
28. Qc7+ Bd7 29. Nxf6 Rb2+ 30. Ke3 Qe1+ 31. Kd3 Qd1+ 32. Ke3 Qd4# {White
checkmated} 0-1

[Event "Team 45 45 League T89"]
[Site "Internet Chess Club"]
[Date "2021.08.09"]
[Round "5"]
[White "Pawnchain"]
[Black "piirimae"]
[Result "1-0"]
[WhiteElo "1248"]
[BlackElo "1305"]
[Opening "Queen's Pawn"]
[ECO "A41"]
[Time "12:00:10"]
[TimeControl "2700+45"]

1. d4 d6 2. Bf4 Nf6 3. Nd2 Nbd7 4. e4 Nh5 5. Qxh5 g6 6. Qd1 Bg7 7. Ngf3 e5 8.
dxe5 dxe5 9. Be3 O-O 10. Bd3 c5 11. c3 f5 12. exf5 gxf5 13. Bc4+ Kh8 14. Bg5 Qb6
15. Nh4 Qxb2 16. O-O Qxc3 17. Bb3 e4 18. Rc1 Qe5 19. Qh5 Qd6 20. Bf4 Qf6 21. Bg5
Qc6 22. Nc4 Ne5 23. Nxe5 Bxe5 24. Be3 b6 25. Rfd1 Qf6 26. f4 Bc7 27. Bd2 Bxf4
28. Bc3 Be5 29. Bxe5 Qxe5 30. Ng6+ {Black resigns} 1-0

[Event "Team 45 45 League T89"]
[Site "Internet Chess Club"]
[Date "2021.08.07"]
[Round "5"]
[White "smsxman"]
[Black "Tjet"]
[Result "1/2-1/2"]
[WhiteElo "1313"]
[BlackElo "1260"]
[Opening "Philidor's defense"]
[ECO "C41"]
[Time "21:00:44"]
[TimeControl "2700+45"]

1. e4 d6 2. Nf3 e5 3. b3 Nf6 4. Nc3 a6 5. Bb2 c6 6. Be2 Be7 7. Rb1 O-O 8. a4
Nbd7 9. d4 Qa5 10. O-O exd4 11. Qxd4 c5 12. Qd1 Nh5 13. Qd2 Nhf6 14. Bd3 Ne5 15.
Nxe5 dxe5 16. Rbd1 Rd8 17. Nd5 Qxd2 18. Nxe7+ Kf8 19. Rxd2 Kxe7 20. f3 Nd7 21.
f4 f6 22. Rdd1 Rf8 23. Bc4 exf4 24. Rxf4 Nb6 25. Bd3 Be6 26. Rff1 Nd7 27. a5
Rac8 28. Ba3 Ne5 29. b4 Nxd3 30. cxd3 Kf7 31. bxc5 Rfd8 32. d4 Bc4 33. Rfe1 Bb5
34. d5 Rd7 35. e5 fxe5 36. Rxe5 g6 37. h3 Re8 38. Rde1 Rxe5 39. Rxe5 Bc4 40. d6
Bb5 41. Re7+ Rxe7 42. dxe7 Bc6 43. g3 Kxe7 44. h4 h5 45. Kf2 Ke6 46. Ke3 Kf5 47.
Kf2 Kg4 48. Bb2 Kf5 49. Ke3 Ke6 50. Ba3 Kf5 51. Bb2 g5 52. hxg5 Kxg5 53. Be5 Kg4
54. Kd4 h4 55. gxh4 Kxh4 56. Bc7 Kg4 57. Ke5 Kg5 58. Bb6 Kg6 {Game drawn by
mutual agreement} 1/2-1/2

[Event "Team 45 45 League T89"]
[Site "Internet Chess Club"]
[Date "2021.08.06"]
[Round "5"]
[White "Visin"]
[Black "burlap"]
[Result "1-0"]
[WhiteElo "1290"]
[BlackElo "1021"]
[Opening "French defense"]
[ECO "C01"]
[Time "09:00:49"]
[TimeControl "2700+45"]

1. e4 e6 2. d4 d5 3. f3 dxe4 4. f4 c5 5. Be3 cxd4 6. Qxd4 Qxd4 7. Bxd4 Nc6 8.
Bc3 Nf6 9. Nd2 Bb4 10. Ne2 Bxc3 11. Nxc3 Nd4 12. O-O-O Nd5 13. Ncxe4 Nxf4 14.
Nc4 Nc6 15. Ncd6+ Ke7 16. c4 Rd8 17. g3 Ng6 18. c5 Kf8 19. Ng5 Kg8 20. Ngxf7 Rd7
21. Bb5 a6 22. Bxc6 bxc6 23. Rhe1 Nf8 24. Ne5 Rc7 25. Ndc4 Nd7 26. Nxd7 Rxd7 27.
Rxd7 Bxd7 28. Nb6 Rd8 29. Nxd7 Rxd7 30. Rxe6 Rc7 31. a3 Kf7 32. Re2 Re7 33. Kd2
Rd7+ 34. Kc3 Rd5 35. b4 Kf6 36. Re8 Re5 37. Rxe5 Kxe5 38. Kc4 Ke6 39. a4 Kd7 40.
b5 axb5+ 41. axb5 Kc7 42. h4 h6 43. g4 g6 44. b6+ Kb7 45. Kd4 Ka6 46. Ke5 h5 47.
gxh5 gxh5 48. Kd6 Kb7 49. Kd7 Kb8 50. Kxc6 Kc8 51. Kd6 Kb7 52. c6+ Kxb6 53. Kd7
Ka7 54. c7 {Black resigns} 1-0